[Event "24th Barcelona Open-A 2019"]
[Site "Barcelona"]
[Date "2019.10.04"]
[Round "8.15"]
[White "Serarols Mabras, Bernat"]
[Black "Piedra Salabarria, Ernesto"]
[Result "1-0"]
[ECO "D70"]
[WhiteElo "2333"]
[BlackElo "2287"]
[Annotator "NA"]
[PlyCount "95"]
[EventDate "2019.09.27"]
[EventType "swiss"]
[EventCountry "ESP"]
[SourceTitle "playchess.com"]
[Source "ChessBase"]
[SourceQuality "1"]
[TimeControl "5400+30"]

1. d4 Nf6 2. c4 g6 3. Nf3 Bg7 4. Nc3 d6 5. Bf4 O-O 6. e3 c6 7. Be2 a6 8. O-O Re8 9. h3 Nbd7 10. Qc2 e5 11. Bh2 Qe7 12. Rfd1 e4 13. Nd2 Nf8 14. b4 g5 15. a4 Bf5 16. c5 d5 17. b5 Ne6 18. bxc6 bxc6 19. Nb3 h5 20. Na5 Nd8 21. Rdb1 h4 22. Qd1 Qd7 23. Rb6 g4 24. hxg4 Bxg4 25. Rab1 Rc8 26. Rb8 h3 27. Bg3 Kh7 28. Bxg4 Nxg4 29. gxh3 Nf6 30. Kg2 Bh6 31. Ne2 Rg8 32. Kh2 Rxb8 33. Rxb8 Nh5 34. Nf4 Nxf4 35. exf4 Qf5 36. Rxd8 Rxd8 37. Nxc6 Re8 38. Qg4 Qe6 39. Ne5 Rg8 40. f5 Qf6 41. Qh5 Rg5 42. Ng4 Rxg4 43. hxg4 e3 44. fxe3 Kg8 45. Be5 Qc6 46. g5 Qxa4 47. Qxh6 Qc2+ 48. Kg3 1-0

[Event "24th Barcelona Open-A 2019"]
[Site "Barcelona"]
[Date "2019.10.04"]
[Round "8.16"]
[White "Rahman, Masruri"]
[Black "Barseghyan, Harutyun"]
[Result "0-1"]
[ECO "A45"]
[WhiteElo "2271"]
[BlackElo "2500"]
[Annotator "ChessBase"]
[PlyCount "74"]
[EventDate "2019.09.27"]
[EventType "swiss"]
[EventCountry "ESP"]
[SourceTitle "playchess.com"]
[Source "ChessBase"]
[SourceQuality "1"]
[TimeControl "5400+30"]

1. d4 Nf6 2. Bf4 d5 3. e3 c5 4. c3 Nc6 5. Nd2 Bf5 6. Qb3 Qd7 7. Ngf3 c4 8. Qd1 e6 9. Ne5 Nxe5 10. Bxe5 Be7 11. Bxf6 Bxf6 12. e4 Bg6 13. h4 h6 14. Qg4 h5 15. Qe2 b5 16. g3 e5 17. Bh3 Qe7 18. dxe5 Bxe5 19. Bf5 Bxf5 20. exf5 b4 21. Rc1 bxc3 22. bxc3 Bf6 23. Nf1 Qxe2+ 24. Kxe2 Kd7 25. Ne3 Kc6 26. Rhd1 Rhd8 27. Rc2 Rab8 28. Rcd2 Bxc3 29. Rxd5 Rb2+ 30. Kf3 Rxd5 31. Nxd5 Bd2 32. Ke4 Kc5 33. a3 c3 34. Nb4 Rxb4+ 35. axb4+ Kc4 36. Ra1 c2 37. Rxa7 Bc3 0-1

[Event "24th Barcelona Open-A 2019"]
[Site "Barcelona"]
[Date "2019.10.04"]
[Round "8.17"]
[White "Alshameary Puente, Ismael"]
[Black "Jimenez Ruano, Adrian"]
[Result "1-0"]
[ECO "E40"]
[WhiteElo "2444"]
[BlackElo "2311"]
[Annotator "NA"]
[PlyCount "97"]
[EventDate "2019.09.27"]
[EventType "swiss"]
[EventCountry "ESP"]
[SourceTitle "playchess.com"]
[Source "ChessBase"]
[SourceQuality "1"]
[TimeControl "5400+30"]

1. d4 Nf6 2. c4 e6 3. Nc3 Bb4 4. e3 d5 5. a3 Bxc3+ 6. bxc3 O-O 7. cxd5 exd5 8. Bd3 b6 9. Ne2 Ba6 10. O-O Qc8 11. f3 Re8 12. Ng3 c5 13. e4 cxd4 14. cxd4 Bxd3 15. Qxd3 h6 16. e5 Nfd7 17. Nf5 Qa6 18. Qc2 b5 19. Nd6 Rf8 20. Qf5 Qa4 21. Be3 a5 22. Qg4 Kh7 23. Nf5 Rg8 24. Rac1 Ra6 25. Ne7 Qxa3 26. Qf5+ Rg6 27. Nxd5 b4 28. Ra1 Qb3 29. Qxf7 a4 30. Rxa4 Qc2 31. Nf4 Rg5 32. Ra2 Qc6 33. Qb3 Qb7 34. g4 Rc8 35. Rc2 Nc6 36. h4 Rxe5 37. dxe5 Ndxe5 38. Rc5 Re8 39. Kf2 Kh8 40. Qd5 Rd8 41. Qe6 Nd4 42. Bxd4 Qxf3+ 43. Kg1 Qg3+ 44. Ng2 Nxg4 45. Be5 Qh3 46. Rc4 h5 47. Rc8 Rxc8 48. Qxc8+ Kh7 49. Qf5+ 1-0

[Event "24th Barcelona Open-A 2019"]
[Site "Barcelona"]
[Date "2019.10.04"]
[Round "8.18"]
[White "Veinberg, Nimrod"]
[Black "Garcia Paolicchi, Raul"]
[Result "1/2-1/2"]
[ECO "D20"]
[WhiteElo "2411"]
[BlackElo "2054"]
[Annotator "NA"]
[PlyCount "76"]
[EventDate "2019.09.27"]
[EventType "swiss"]
[EventCountry "ESP"]
[SourceTitle "playchess.com"]
[Source "ChessBase"]
[SourceQuality "1"]
[TimeControl "5400+30"]

1. d4 d5 2. c4 dxc4 3. e4 e5 4. Nf3 exd4 5. Bxc4 Nc6 6. O-O Be6 7. Bxe6 fxe6 8. Qb3 Qd7 9. Qxb7 Rb8 10. Qa6 Nf6 11. Nbd2 Bb4 12. Qd3 O-O 13. Nc4 Bc5 14. Bd2 Qe7 15. a3 a6 16. b4 Ba7 17. Rac1 Nd7 18. Nb2 Nce5 19. Nxe5 Nxe5 20. Qxa6 Bb6 21. Qe2 Ra8 22. Nd3 Nxd3 23. Qxd3 Ra4 24. Rc6 Rfa8 25. Bc1 Qf7 26. f4 Qd7 27. Rc2 R4a7 28. Bb2 Qd6 29. f5 exf5 30. Rxf5 Qe6 31. Rcf2 Re8 32. h3 h6 33. R2f3 c6 34. Kh1 Rae7 35. R3f4 Bc7 36. Rf1 Qd6 37. g3 Rxe4 38. Qc4+ Kh7 1/2-1/2

[Event "24th Barcelona Open-A 2019"]
[Site "Barcelona"]
[Date "2019.10.04"]
[Round "8.19"]
[White "Palacin Martin, Ricardo"]
[Black "Walukow, Theodora Paulina"]
[Result "1-0"]
[ECO "D45"]
[WhiteElo "1985"]
[BlackElo "1864"]
[Annotator "NA"]
[PlyCount "58"]
[EventDate "2019.09.27"]
[EventType "swiss"]
[EventCountry "ESP"]
[SourceTitle "playchess.com"]
[Source "ChessBase"]
[SourceQuality "1"]
[TimeControl "5400+30"]

1. d4 d5 2. c4 c6 3. Nf3 Nf6 4. Nc3 e6 5. e3 Bd6 6. Bd3 dxc4 7. Bxc4 b5 8. Bd3 Nbd7 9. O-O a6 10. e4 e5 11. Bg5 exd4 12. Nxd4 Ne5 13. Be2 O-O 14. Rc1 Be7 15. Bf4 Nfd7 16. Be3 Bb7 17. Qc2 Bc5 18. Rfd1 Qc7 19. a3 Rac8 20. b4 Bxd4 21. Bxd4 Rfd8 22. Nd5 Qd6 23. Nb6 Qe7 24. Nxc8 Rxc8 25. Bxe5 Nxe5 26. Qc5 Qg5 27. g3 Qf6 28. f4 Ng6 29. Qd4 c5 1-0

[Event "24th Barcelona Open-A 2019"]
[Site "Barcelona"]
[Date "2019.10.04"]
[Round "8.20"]
[White "Vargas Drechsler, Carlos"]
[Black "Grau Ferrer, Carles"]
[Result "1-0"]
[ECO "B22"]
[WhiteElo "1878"]
[BlackElo "1808"]
[Annotator "NA"]
[PlyCount "51"]
[EventDate "2019.09.27"]
[EventType "swiss"]
[EventCountry "ESP"]
[SourceTitle "playchess.com"]
[Source "ChessBase"]
[SourceQuality "1"]
[TimeControl "5400+30"]

1. e4 c5 2. c3 e6 3. d4 cxd4 4. cxd4 d6 5. Nc3 Nf6 6. Nf3 Be7 7. Bd3 Bd7 8. O-O Nc6 9. Bf4 O-O 10. Rc1 Ne8 11. Bb1 f6 12. d5 Ne5 13. Nd4 Nc7 14. dxe6 Bc6 15. a3 Qe8 16. Ba2 Rd8 17. Nd5 Bxd5 18. exd5 Na6 19. Nf5 g6 20. Bxe5 gxf5 21. Bd4 Kh8 22. Qf3 Rg8 23. Qxf5 Qf8 24. Rc3 b6 25. Bb1 Rg7 26. Rh3 1-0

[Event "24th Barcelona Open-A 2019"]
[Site "Barcelona"]
[Date "2019.10.05"]
[Round "9.19"]
[White "Lopez Manzano, Antonio"]
[Black "Palacin Martin, Ricardo"]
[Result "1/2-1/2"]
[ECO "D05"]
[WhiteElo "1852"]
[BlackElo "1985"]
[Annotator "NA"]
[PlyCount "20"]
[EventDate "2019.09.27"]
[EventType "swiss"]
[EventCountry "ESP"]
[SourceTitle "playchess.com"]
[Source "ChessBase"]
[SourceQuality "1"]
[TimeControl "5400+30"]

1. d4 d5 2. Nf3 Nf6 3. e3 e6 4. Bd3 c5 5. b3 b6 6. Qe2 Be7 7. Ne5 O-O 8. Nd2 Bb7 9. O-O Nbd7 10. f4 Ne4 1/2-1/2